 Dungeon Crawl Stone Soup version 0.27-a0-668-gb5737ff2c0 (webtiles) character file.

Game seed: 16692656562301611045

1979 Lanoc the Skirmisher (level 9, -7/74 HPs)
             Began as a Demonspawn Wanderer on Mar 18, 2021.
             Splashed by Joseph's acid (12 damage)
             ... on level 7 of the Dungeon.
             The game lasted 00:20:08 (9892 turns).

Lanoc the Skirmisher (Demonspawn Wanderer)          Turns: 9892, Time: 00:20:08

Health: -7/74      AC:  9    Str: 11    XL:     9   Next: 1%
Magic:  0/10       EV: 17    Int: 18    God:
Gold:   363        SH:  9    Dex: 13    Spells: 7/10 levels left

rFire    . . .     SeeInvis .   v - +0 dagger (freeze)
rCold    . . .     Faith    +   c - +0 buckler
rNeg     . . .     Spirit   .   w - +2 robe {Will+}
rPois    .         Reflect  .   (no helmet)
rElec    .         Harm     .   j - +0 cloak
rCorr    .         Rampage  .   (no gloves)
Will     +....                  (no boots)
Stlth    +.........             d - amulet of faith
HPRegen  0.22/turn              h - +4 ring of evasion
MPRegen  0.12/turn              s - ring of wizardry

@: corroded
A: talons 1, iridescent scales 2, icemail 1, condensation shield, demonic magic
1
a: no special abilities


You were on level 7 of the Dungeon.
You visited 2 branches of the dungeon, and saw 8 of its levels.
You also visited: Sewer.

You collected 393 gold pieces.
You spent 30 gold pieces at shops.

Inventory:

Hand Weapons
 v - a +0 dagger of freezing (weapon)
Missiles
 q - 3 curare-tipped darts
Armour
 c - a +0 buckler (worn)
 j - a +0 cloak (worn)
 w - a +2 robe of willpower (worn)
Jewellery
 d - an amulet of faith (around neck)
 h - a +4 ring of evasion (right hand)
 k - a ring of positive energy
 s - a ring of wizardry (left hand)
Wands
 e - a wand of paralysis (11)
Scrolls
 a - 2 scrolls of identify
 b - a scroll of fog {unknown}
 f - 3 scrolls of fear
 g - 11 scrolls of teleportation
 u - 2 scrolls of summoning {unknown}
Potions
 i - a potion of might {unknown}
 l - 2 potions of lignification
 m - a potion of experience
 n - a potion of brilliance
 o - 3 potions of haste
 p - 3 potions of heal wounds {unknown}
 r - 2 potions of invisibility
 t - 2 potions of curing


   Skills:
 + Level 7.8 Fighting
 - Level 1.0 Throwing
 - Level 1.7 Armour
 + Level 3.4 Dodging
 - Level 4.0 Shields
 - Level 1.0 Spellcasting
 + Level 6.9 Conjurations
 - Level 1.0 Fire Magic
 - Level 1.0 Poison Magic


You had 7 spell levels left.
You knew the following spells:

 Your Spells              Type           Power      Damage    Failure   Level
a - Magic Dart            Conj           100%       1d8       1%          1
b - Searing Ray           Conj           52%        3d5       1%          2

Your spell library contained the following spells:

 Spells                   Type           Power      Damage    Failure   Level
 Conjure Flame            Conj/Fire      15%        6-21      4%          3
 Dazzling Flash           Conj/Hex       26%        N/A       6%          3
 Mephitic Cloud           Conj/Pois/Air  10%        N/A       9%          3
 Poisonous Vapours        Pois/Air       4%         N/A       10%         2
 Blink                    Tloc           N/A        N/A       12%         2
 Call Imp                 Summ           0%         N/A       12%         2
 Slow                     Hex            0%         N/A       12%         2
 Fulminant Prism          Conj/Hex       6%         3d7       19%         4
 Iskenderun's Mystic Bla  Conj/Tloc      13%        2d5       19%         4
 Freezing Cloud           Conj/Ice/Air   4%         6-21      99%         6


Dungeon Overview and Level Annotations

Branches:
Dungeon (7/15)             Temple (1/1) D:6           Sewer (visited)

Altars:
Ashenzari
Cheibriados
Dithmenos
Elyvilon
Fedhas
Gozag
Hepliaklqana
Makhleb
Nemelex Xobeh
Okawaru
Qazlal
Ru
Sif Muna
Trog
Uskayaw
Vehumet
Wu Jian
Xom
Yredelemnul
Zin
The Shining One

Shops:
D:3 ?

Annotations:
D:2 Natasha
D:7 Joseph


Innate Abilities, Weirdness & Mutations

You have sharp toenails.
You are mostly covered in iridescent scales. (AC +4)
A meltable icy envelope protects you from harm. (AC +4)
A meltable shield of frost defends you. (SH +4)
Spells you cast may paralyse adjacent enemies.


Message History

Joseph is heavily wounded. (Press . to maintain the ray.) Malevolent energies surge around you.
The searing ray hits Joseph!
Joseph is severely wounded.
You block Joseph's attack.
You hear a distant slurping noise.
The searing ray hits Joseph.
Joseph is severely wounded.
Joseph hits you with a +0 quarterstaff!
The searing ray hits Joseph!
Joseph is severely wounded.
You finish channeling your searing ray.
You block Joseph's attack.
Casting: Searing Ray (safe; 1% risk of failure)
Confirm with . or Enter, or press ? or * to list all spells.
Aiming: Magic Dart (safe; 1% risk of failure)
Press: ? - help, Shift-Dir - straight line, f/p - Joseph
Aim: Joseph, wielding a +0 quarterstaff, wearing a +0 leather armour, quivering sling bullets and carrying a wand of acid (10) (severely wounded, 0% to evade)
The magic dart hits Joseph.
Joseph is almost dead.
Malevolent energies surge around you. Joseph hits you but does no damage.
You hit Joseph. You freeze Joseph.
Joseph is almost dead.
Joseph hits you with a +0 quarterstaff!
You barely miss Joseph. Your kick misses Joseph.
Joseph is almost dead.
Joseph completely misses you.
You hit Joseph but do no damage.
Joseph is almost dead.
Joseph zaps a wand.
The bolt of acid hits you!! The acid corrodes you!
You are splashed with acid!
* * * LOW HITPOINT WARNING * * *
You feel better.
Joseph says, "You will never get the ORB, sorry."
Joseph hits you with a +0 quarterstaff!
* * * LOW HITPOINT WARNING * * *
You feel better.
Joseph zaps a wand.
The bolt of acid hits you!
* * * LOW HITPOINT WARNING * * *
You are splashed with acid!
You die...

#.# #.# #.# #.#
#.# #†# #.# #.#
#@# #@#
.........<....@
###.#.....#####
#.[..># #......
###...## #...#
#....


You could see Joseph.

Vanquished Creatures
  Pikel (D:6)
  Sigmund (D:6)
  A sky beast (D:5)
  2 black bears
  A lemure (D:6)
  5 kobold brigands (Sewer)
  A bullfrog (D:6)
  A bullfrog skeleton (D:6)
  An orc priest (D:5)
  An iguana (D:5)
  Natasha (D:2)
  3 orc wizards
  2 worker ants
  A worker ant zombie (D:6)
  6 gnolls
  17 adders
  2 river rats (Sewer)
  A shadow imp (D:6)
  2 ufetubi (D:5)
  5 oozes
  An adder zombie (D:5)
  An adder skeleton (D:6)
  3 worms
  3 dart slugs (D:1)
  5 leopard geckos
  19 orcs
  7 ball pythons
  9 giant cockroaches
  12 goblins
  3 hobgoblins
  3 jackals (D:2)
  3 quokkas
  11 bats
  A frilled lizard (D:4)
  A giant cockroach zombie (D:6)
  A jackal skeleton (D:4)
  6 kobolds
  A leopard gecko zombie (D:6)
  A quokka zombie (D:6)
  9 rats
155 creatures vanquished.

Vanquished Creatures (others)
  A hound (D:7)
  A withered plant (D:6)
2 creatures vanquished.

Grand Total: 157 creatures vanquished

Notes
Turn   | Place    | Note
-------+----------+-------------------------------------------
     0 | D:1      | Lanoc the Demonspawn Wanderer began the quest for the Orb.
     0 | D:1      | Lanoc set off with the following items: a +0 dagger, a +0
                  | ring mail, a +0 buckler; and the following spell memorised:
                  | Magic Dart; and the following spells available to memorise:
                  | Blink, Call Imp, Slow, Conjure Flame, Mephitic Cloud
     0 | D:1      | Reached XP level 1. HP: 18/18 MP: 2/2
   361 | D:2      | Gained mutation: A meltable shield of frost defends you.
                  | (SH +4) [demonic ancestry]
   361 | D:2      | Reached XP level 2. HP: 24/24 MP: 3/3
   942 | D:2      | Noticed Natasha
   961 | D:2      | Killed Natasha
   962 | D:2      | Gained mutation: Spells you cast may paralyse adjacent
                  | enemies. [demonic ancestry]
   962 | D:2      | Reached XP level 3. HP: 3/30 MP: 1/4
  1136 | D:2      | Noticed Natasha
  1536 | D:2      | Reached skill level 4 in Fighting
  1725 | D:2      | Gained mutation: You are partially covered in iridescent
                  | scales. (AC +2) [demonic ancestry]
  1725 | D:2      | Reached XP level 4. HP: 23/37 MP: 5/5
  3103 | D:2      | Gained mutation: A meltable icy envelope protects you from
                  | harm. (AC +4) [demonic ancestry]
  3103 | D:2      | Reached XP level 5. HP: 38/43 MP: 6/6
  3273 | D:3      | Found Lextuss's Magic Scroll Boutique.
  4081 | D:3      | Reached skill level 5 in Fighting
  4556 | D:2      | Gained mutation: You have sharp toenails. [demonic
                  | ancestry]
  4556 | D:2      | Reached XP level 6. HP: 44/51 MP: 7/7
  4909 | D:3      | Bought a scroll of teleportation for 30 gold pieces
  5202 | D:4      | Reached skill level 1 in Conjurations
  5625 | D:5      | Entered Level 5 of the Dungeon
  5675 | D:5      | Noticed a sky beast
  5690 | D:5      | Killed a sky beast
  5697 | D:5      | Found a glowing drain.
  5741 | Sewer    | Entered a sewer
  5941 | Sewer    | Gained mutation: You are mostly covered in iridescent
                  | scales. (AC +4) [demonic ancestry]
  5941 | Sewer    | Reached XP level 7. HP: 51/57 MP: 5/8
  6127 | Sewer    | Reached skill level 6 in Fighting
  6894 | Sewer    | Reached skill level 5 in Conjurations
  7156 | D:5      | Reached XP level 8. HP: 57/65 MP: 0/9
  8178 | D:6      | Reached skill level 1 in Dodging
  8305 | D:6      | Noticed Sigmund
  8575 | D:6      | Found a staircase to the Ecumenical Temple.
  8589 | Temple   | Entered the Ecumenical Temple
  8688 | D:6      | Reached skill level 7 in Fighting
  9305 | D:6      | Found a blossoming altar of Fedhas.
  9336 | D:6      | Killed Sigmund
  9352 | D:6      | Learned a level 2 spell: Searing Ray
  9551 | D:6      | Noticed Pikel
  9566 | D:6      | Killed Pikel
  9865 | D:7      | Noticed Joseph
  9877 | D:7      | Reached XP level 9. HP: 71/74 MP: 10/10
  9892 | D:7      | Splashed by Joseph's acid

Illustrated notes

Levels and vault maps discovered:
D:1:      eino_arrival_tree_alley, layout_loops_ring, minivault_26
D:2:      layout_basic, minmay_snake_closets, uniq_natasha
D:3:      layout_rooms, serial_shops, shop_statue, roderic_three_in_a_row
D:4:      layout_basic, uniq_eustachio
D:5:      layout_loops_cross, portal_sewer_entry_f
D:6:      layout_cave_pools, minmay_temple_entry_slanted, serial_undead,
          serial_undead_a, serial_undead_e, serial_undead_a, serial_undead_f,
          fedhas_ov_isle_minmay, uniq_pikel, uniq_sigmund
D:7:      layout_loops_corners, serial_shops, nicolae_shop_stone, uniq_joseph
Temple:   dpeg_three_leaves_temple

Skill      XL: |  1  2  3  4  5  6  7  8 |
---------------+-------------------------+-----
Shields        | 2 3 4 |  4.0
Fighting       | 4 5 6 7 |  7.8
Conjurations   | 3 5 6 |  6.9
Dodging        | 3 |  3.4
Throwing       | |  1.0
Armour         | |  1.7
Spellcasting   | |  1.0
Fire Magic     | |  1.0
Poison Magic   | |  1.0

Action                   |  1- 3 |  4- 6 |  7- 9 || total
-------------------------+-------+-------+-------++-------
Melee: Dagger            |   156 |   675 |   256 ||  1087
       Kick              |       |    36 |    64 ||   100
 Cast: Magic Dart        |     1 |    26 |   128 ||   155
       Searing Ray       |       |       |     4 ||     4
  Use: Potion            |     1 |     1 |     2 ||     4
       Scroll            |       |     7 |     2 ||     9
 Stab: Paralysed         |       |    35 |    62 ||    97
Armor: Ring mail         |    48 |   179 |    96 ||   323
       Robe              |       |       |     9 ||     9
Dodge: Dodged            |    84 |   379 |   133 ||   596
Block: Buckler           |    62 |   312 |   120 ||   494

Table legend: (Time is in decaauts)
 A = Elapsed time spent in this place.
 B = Non-inter-level travel time spent in this place.
 C = Inter-level travel time spent in this place.
 D = Time resting spent in this place.
 E = Time spent auto-exploring this place.
 F = Levels seen in this place.
 G = Mean time per level.
                   A        B        C        D        E       F      G
               +--------+--------+--------+--------+--------+-----+--------+
         Total |  10098 |   9727 |    371 |   1231 |   6281 |   9 | 1122.0 |
       Dungeon |   8503 |   8146 |    357 |   1231 |   5009 |   7 | 1214.7 |
        Temple |     79 |     65 |     14 |      0 |     64 |   1 |   79.0 |
         Sewer |   1515 |   1515 |      0 |      0 |   1207 |   1 | 1515.0 |
               +--------+--------+--------+--------+--------+-----+--------+

Top non-repeatable levels by time:
     D:2: 3192 daAuts
   Sewer: 1515 daAuts
     D:6: 1307 daAuts
     D:5: 1210 daAuts
     D:1: 1162 daAuts
     D:3: 848 daAuts
     D:4: 466 daAuts
     D:7: 314 daAuts
  Temple: 79 daAuts
